 Dungeon Crawl Stone Soup version 0.31-a0-846-gb3bcc0d938 (webtiles) character file.

Game seed: 5422675229926619569

254 MachoJfn the Ruffian (level 6, -8/42 HPs)
             Began as a Djinni Shapeshifter on Oct 3, 2023.
             Was an Initiate of Wu Jian.
             Mangled by an ogre
             ... wielding a +0 giant club
              (17 damage)
             ... on level 3 of the Dungeon.
             The game lasted 00:08:00 (2777 turns).

MachoJfn the Ruffian (Djinni Shapeshifter)          Turns: 2777, Time: 00:08:01

Health: -8/42      AC:  4    Str: 13    XL:     6   Next: 37%
Gold:   247        EV: 12    Int: 14    God:    Wu Jian [......] SH:  0 Dex: 12

rFire   + +          .
                       - Unarmed
rCold   x . .        (no shield)
rNeg    . . .        k - +2 robe
rPois   ∞            (helmet currently unavailable)
rElec   .            (cloak currently unavailable)
rCorr   .            (gloves currently unavailable)
SInv    .            (boots unavailable)
Will    .....        (no amulet)
Stlth   +            (no ring)
HPRegen 0.27/turn    (no ring)
MPRegen 0.00/turn

%: infuse magic (-9 HP)
@: beast-form, flying
A: beast (slay +1), flying, sickness immunity, fire resistance 2, cold
vulnerability 1, float, innate caster, HP casting, extra vitality 1
a: Begin Untransformation, Renounce Religion


You were on level 3 of the Dungeon.
You worshipped Wu Jian.
Wu Jian was noncommittal.
You were a hulking beast.
You visited 1 branch of the dungeon, and saw 3 of its levels.

You collected 247 gold pieces.

Inventory:

Missiles
 a - a throwing net
 e - 36 stones
 f - 6 poisoned darts
Armour
 k - a +2 robe (worn)
Talismans
 c - a beast talisman (active)
 d - a flux talisman
Scrolls
 g - 2 scrolls of identify
 h - a scroll of fog
 j - a scroll of fear {unknown}
 l - a scroll of enchant armour {unknown}
 m - a scroll of teleportation {unknown}
Potions
 b - a potion of lignification
 i - a potion of heal wounds {unknown}
 n - a potion of curing


   Skills:
 + Level 1.2 Fighting
 + Level 0.3 Throwing
 + Level 2.2 Armour
 + Level 3.1 Dodging
 + Level 0.3 Stealth
 + Level 4.8 Unarmed Combat
 + Level 3.3 Shapeshifting


You knew the following spells:

 Your Spells              Type           Power      Damage    Failure   Level
a - Apportation           Tloc           0%         N/A       28%         1
b - Poisonous Vapours     Pois/Air       0%         N/A       41%         2
Your spell library was empty.

Dungeon Overview and Level Annotations

Branches:
Dungeon (3/15)

Altars:
Wu Jian

Shops:
D:2 (*


Innate Abilities, Weirdness & Mutations

You are a hulking beast.
Your limbs bulge with bestial killing power. (Slay +1)
You are flying.
You are immune to sickness and miasma.
You are immune to poison.
Your flesh is very heat resistant. (rF++)
You are vulnerable to cold. (rC-)
You float through the air rather than walking.
You learn spells naturally, not from books.
Your magical power is your life essence.
You have superior vitality. (+4 MHP)


Message History

As you open the door, it creaks loudly!
There is an open door here.
There is an open door here.
You see here a hound skeleton.
You reach down and open the door.
There is an open door here.
There is an open door here.
As you open the door, it creaks loudly!
There is an open door here.
There is an escape hatch in the floor here.
Found a sling.
You see here a +0 whip.
Things that are here:
a +0 dagger; a +0 chain mail; an orc skeleton You see here a rat skeleton.
You see here a +0 club.
An ogre comes into view. It is wielding a +0 giant club.
Found a ring mail and a mace.
The ogre shouts!
An orc comes into view. It is wielding a +0 dagger.
The orc shouts!
A worm comes into view.
You punch the ogre!
The ogre is moderately wounded.
The ogre misses you.
You hit the ogre.
The ogre is heavily wounded.
The ogre hits you with a +0 giant club!
You barely miss the ogre.
The ogre is heavily wounded.
You punch the ogre!
The ogre is almost dead.
The ogre hits you with a +0 giant club!!
* * * LOW HITPOINT WARNING * * *
You completely miss the ogre. You punch the ogre.
The ogre is almost dead.
You hit the ogre.
The ogre is almost dead.
The ogre hits you with a +0 giant club!
You die...

#..##...#.#..#####
###
##[.##........#
#..........####
♣♣♣♣♣♣
#...####.###
♣♣♣....♣♣ #...#
### ♣♣♣..♣♣♣÷)♣♣♣♣
#.(.# ♣♣♣..♣♣♣
♣.....÷ #...#
♣♣..♣♣♣ ♣♣...♣♣
#...# ♣♣.♣♣♣
♣♣♣♣...♣ #...###
♣h♣♣ ♣.....♣♣♣
#.....# ♣O♣
♣.♣♣♣♣...† #.....#


wo. ♣♣♣♣. #)....# ..♣♣♣ ♣♣ #.....# [.. ♣ ####### ..)♣ ♣♣♣♣ You could see an
ogre, a worm and an orc.

Vanquished Creatures
  Sigmund (D:3)
  2 hounds
  2 dart slugs
  3 orcs (D:3)
  4 ball pythons
  5 bats
  2 endoplasms
  3 giant cockroaches
  4 goblins
  2 hobgoblins (D:1)
  A quokka (D:1)
  2 frilled lizards (D:1)
  3 kobolds (D:1)
  4 rats
38 creatures vanquished.

Notes
Turn   | Place    | Note
-------+----------+-------------------------------------------
     0 | D:1      | MachoJfn the Djinni Shapeshifter began the quest for the
                  | Orb.
     0 | D:1      | Reached XP level 1. HP: 17/17 MP: 0/0
   300 | D:1      | Reached XP level 2. HP: 10/22 MP: 0/0
   726 | D:1      | Got an uncut book
  1428 | D:2      | Reached XP level 3. HP: 27/27 MP: 0/0
  1428 | D:2      | Learned a level 1 spell: Apportation
  1493 | D:2      | Reached XP level 4. HP: 25/32 MP: 0/0
  1839 | D:2      | Found Zily's Weapon Shoppe.
  1890 | D:2      | Found Raisatiu's Assorted Antiques.
  2228 | D:3      | Found an ornate altar of the Wu Jian Council.
  2233 | D:3      | Became a worshipper of the Wu Jian Council
  2280 | D:3      | Reached skill level 1 in Armour
  2280 | D:3      | Reached skill level 4 in Unarmed Combat
  2298 | D:3      | Noticed Sigmund
  2306 | D:3      | Killed Sigmund
  2307 | D:3      | Reached XP level 5. HP: 37/37 MP: 0/0
  2307 | D:3      | Learned a level 2 spell: Poisonous Vapours
  2307 | D:3      | Reached XP level 6. HP: 42/42 MP: 0/0
  2769 | D:3      | Noticed an ogre
  2777 | D:3      | Mangled by an ogre

Illustrated notes

Levels and vault maps discovered:
D:1:      dpeg_arrival_signposts, layout_loops_corners
D:2:      layout_loops_ring, serial_shops, nicolae_shop_dealshenge,
          nicolae_shop_rolling_square, minmay_pentomino_z2
D:3:      kb_forest_paths, layout_basic, nicolae_vehumet_altar_sigil,
          mainiacjoe_overflow_24_doors, uniq_sigmund

Skill      XL: |  1  2  3  4 |
---------------+-------------+-----
Shapeshifting  | 3 |  3.3
Armour         | 2 |  2.2
Unarmed Combat | 4 |  4.8
Dodging        | 3 |  3.1
Fighting       | |  1.2
Throwing       | |  0.3
Stealth        | |  0.3

Action                     |  1- 3 |  4- 6 || total
---------------------------+-------+-------++-------
  Melee: Unarmed           |    40 |    60 ||   100
         Punch             |     1 |     4 ||     5
  Throw: Dart              |     8 |       ||     8
   Cast: Apportation       |     2 |       ||     2
Ability: Lunge             |       |     5 ||     5
    Use: Scroll            |     1 |     3 ||     4
         Potion            |       |     4 ||     4
 Armour: Ring mail         |    14 |       ||    14
         Animal skin       |     5 |       ||     5
         Skin              |     2 |       ||     2
         Leather armour    |     5 |    26 ||    31
         Robe              |       |     6 ||     6
  Dodge: Dodged            |    35 |    38 ||    73
   Form: Beast             |     1 |     1 ||     2
         Flux              |     1 |       ||     1
                           |       |     1 ||     1

Table legend: (Time is in decaauts)
 A = Elapsed time spent in this place.
 B = Non-inter-level travel time spent in this place.
 C = Inter-level travel time spent in this place.
 D = Time resting spent in this place.
 E = Time spent auto-exploring this place.
 F = Levels seen in this place.
 G = Mean time per level.
                   A        B        C        D        E       F      G
               +--------+--------+--------+--------+--------+-----+--------+
         Total |   2771 |   2277 |    494 |     47 |   1840 |   3 |  923.7 |
       Dungeon |   2771 |   2277 |    494 |     47 |   1840 |   3 |  923.7 |
               +--------+--------+--------+--------+--------+-----+--------+

Top non-repeatable levels by time:
     D:1: 1342 daAuts
     D:2: 724 daAuts
     D:3: 704 daAuts
